 Dungeon Crawl Stone Soup version 0.31.0-11-ge490571c62 (webtiles) character file.

Game seed: 3629099841864895756

630 Minsecho the Ducker (level 7, -5/36 HPs)
             Began as a Spriggan Monk on Feb 1, 2024.
             Was an Elder of Sif Muna.
             Splashed by a jelly's acid (9 damage)
             ... on level 4 of the Dungeon.
             The game lasted 00:16:44 (4912 turns).

Minsecho the Ducker (Spriggan Monk)                 Turns: 4912, Time: 00:16:44

Health: -5/36      AC: -5    Str:  9    XL:     7   Next: 24%
Magic:  12/12      EV: 19    Int: 12    God:    Sif Muna [****..]
Gold:   168        SH:  4    Dex: 17    Spells: 9/12 levels left

rFire   . . .        m - +0 dagger
rCold   . . .        q - +0 buckler
rNeg    . . .        a - +0 robe
rPois   .            (helmet restricted)
rElec   .            o - +0 cloak
rCorr   .            (gloves unavailable)
SInv    +            (boots unavailable)
Will    +....        (no amulet)
Stlth   +++          (no ring)
HPRegen 0.26/turn    (no ring)
MPRegen 0.13/turn

%: no passive effects
@: corroded, very quick
A: very small, no large weapons, unfitting armour, see invisible, speed 3
a: Renounce Religion, Channel Magic, Forget Spell, Divine Exegesis


You were on level 4 of the Dungeon.
You worshipped Sif Muna.
Sif Muna was greatly pleased with you.
You visited 1 branch of the dungeon, and saw 5 of its levels.

You collected 168 gold pieces.

Inventory:

Hand Weapons
 m - a +0 dagger (weapon)
Missiles
 A - 2 poisoned darts
Armour
 a - a +0 robe (worn)
 c - an orb of light
 o - a +0 cloak (worn)
 q - a +0 buckler (worn)
Magical Staves
 f - a staff of air
Jewellery
 y - a ring of resist corrosion
Talismans
 x - a maw talisman
Wands
 k - a wand of digging (4)
 l - a wand of polymorph (9)
 s - a wand of paralysis (4)
 w - a wand of flame (20) (quivered)
Scrolls
 b - a scroll of immolation {unknown}
 d - a scroll of identify
 e - a scroll of torment {unknown}
 g - a scroll of vulnerability
 h - a scroll of poison {unknown}
 p - a scroll of noise {unknown}
 t - a scroll of enchant weapon {unknown}
 u - 2 scrolls of blinking
Potions
 i - 2 potions of invisibility {unknown}
 j - a potion of mutation {unknown}
 n - 4 potions of curing
 r - a potion of lignification {unknown}
 v - 2 potions of heal wounds {unknown}
 z - 2 potions of degeneration {unknown}


   Skills:
 + Level 3.4 Fighting
 + Level 2.3 Short Blades
 + Level 2.8 Throwing
 + Level 5.8 Dodging
 + Level 3.3 Stealth
 + Level 2.9 Unarmed Combat
 * Level 3.2 Spellcasting
 * Level 1.1 Summonings
 * Level 1.6 Invocations
 + Level 0.3 Evocations
 * Level 0.4 Shapeshifting


You had 9 spell levels left.
You knew the following spells:

 Your Spells              Type           Power      Damage    Failure   Level
a - Call Canine Familiar  Summ           4%         N/A       56%         3

Your spell library contained the following spells:

 Spells                   Type           Power      Damage    Failure   Level
 Summon Small Mammal      Summ           16%        N/A       24%         1
 Summon Blazeheart Golem  Fire/Summ      3%         N/A       96%         4


Dungeon Overview and Level Annotations

Branches:
Dungeon (5/15)             Temple (0/1) D:4

Altars:
Fedhas
Sif Muna

Shops:
D:3 [

Annotations:
D:4 Prince Ribbit


Innate Abilities, Weirdness & Mutations

You are very small and have problems with some larger weapons.
You are too small for most types of armour.
You have supernaturally acute eyesight. (SInv)
You cover ground extremely quickly. (Speed+++)


Message History

Prince Ribbit misses you. The jelly completely misses you.
You climb upwards.
There is a stone staircase leading down here.
Okay, then.
As you read the scroll labelled JAUTAT XYSIUC, it crumbles to dust.
It is a scroll of identify.
g - a scroll of vulnerability Prince Ribbit catches a centipede with his tongue.
Prince Ribbit blinks!
The jelly completely misses you.
Prince Ribbit blinks!
Blink to where?
Press: ? - help, Dir - move target
As you read the scroll labelled CUTAJU WUCE, it crumbles to dust.
It was a scroll of blinking.
You start resting.
A jelly is nearby!
You hit the jelly.
Your hands burn!
The jelly is lightly wounded.
The jelly completely misses you.
You hit the jelly.
Your hands burn!
The jelly is lightly wounded.
The jelly barely misses you.
You hit the jelly. The acid corrodes you!
Your hands burn!
The jelly is moderately wounded.
The jelly completely misses you.
You hit the jelly.
Your hands burn!
The jelly is moderately wounded.
The jelly completely misses you.
You hit the jelly.
Your hands burn!
The jelly is heavily wounded.
The jelly closely misses you.
You hit the jelly.
Your hands burn!
The jelly is severely wounded.
The jelly hits you. The acid corrodes you!
You are splashed with acid!
* * * LOW HITPOINT WARNING * * *
You completely miss the jelly.
The jelly is severely wounded.
The jelly hits you.
* * * LOW HITPOINT WARNING * * *
You are splashed with acid!
You die...

#....#.#.#
#....#.#.###
######.#...#
##.#.### #..#.#
######.##.#
#....#.##.#
#....#J##.# #
#.)..#@##.# ###
#...)'.##.# ..#
#....#....# #.#
##...##.### #.#
#.####)# #.##
#.# #.# #..#
#.# #.# ...##
#.# #.#
....########.##
#.#


You could see a jelly.

Vanquished Creatures
  A scorpion (D:4)
  2 bombardier beetles
  2 hounds (D:4)
  An orc priest (D:5)
  A gnoll bouda (D:4)
  A jelly (D:4)
  2 iguanas
  3 orc wizards
  Ijyb (D:3)
  4 gnolls
  6 adders
  A ribbon worm (D:2)
  2 dart slugs
  12 orcs
  7 endoplasms
  6 giant cockroaches
  11 goblins
  6 hobgoblins
  11 jackals
  4 quokkas
  6 ball pythons
  4 bats
  5 frilled lizards
  5 kobolds
  4 rats
108 creatures vanquished.

Notes
Turn   | Place    | Note
-------+----------+-------------------------------------------
     0 | D:1      | Minsecho the Spriggan Monk began the quest for the Orb.
     0 | D:1      | Reached XP level 1. HP: 11/11 MP: 2/2
    48 | D:1      | Found a faded altar of an unknown god.
   116 | D:1      | Prayed at the altar of an unknown god.
   116 | D:1      | Became a worshipper of Sif Muna the Loreminder
   116 | D:1      | Reached * piety under Sif Muna
   116 | D:1      | Reached ** piety under Sif Muna
   253 | D:1      | Reached XP level 2. HP: 16/16 MP: 3/3
   361 | D:1      | Reached *** piety under Sif Muna
   409 | D:1      | Reached skill level 1 in Spellcasting
   731 | D:2      | Reached XP level 3. HP: 13/19 MP: 5/5
  1303 | D:2      | You fall into a shaft and drop 2 floors!
  1396 | D:3      | Found a glowing drain.
  1408 | D:3      | Found Yfecrom's Armour Shop.
  1429 | D:3      | Found a blossoming altar of Fedhas.
  1680 | D:3      | Reached skill level 1 in Throwing
  1824 | D:3      | Reached skill level 5 in Dodging
  1824 | D:3      | Reached XP level 4. HP: 8/23 MP: 7/7
  2007 | D:3      | Reached **** piety under Sif Muna
  2104 | D:3      | Reached XP level 5. HP: 28/28 MP: 8/8
  2275 | D:3      | Learned a level 3 spell: Call Canine Familiar
  2675 | D:4      | Reached skill level 1 in Short Blades
  2755 | D:4      | Noticed Ijyb
  2795 | D:3      | Paralysed by Ijyb for 2 turns
  3228 | D:3      | Paralysed by Ijyb for 5 turns
  3307 | D:3      | Paralysed by Ijyb for 5 turns
  3341 | D:3      | Killed Ijyb
  3342 | D:3      | Reached XP level 6. HP: 20/32 MP: 10/10
  3659 | D:3      | Reached skill level 1 in Invocations
  4106 | D:4      | Reached skill level 1 in Stealth
  4106 | D:4      | Reached skill level 1 in Summonings
  4221 | D:4      | Found a staircase to the Ecumenical Temple.
  4577 | D:5      | Entered Level 5 of the Dungeon
  4581 | D:5      | Reached XP level 7. HP: 35/36 MP: 12/12
  4594 | D:5      | Noticed Prince Ribbit
  4912 | D:4      | Splashed by a jelly's acid

Illustrated notes

Levels and vault maps discovered:
D:1:      wander_arrival_peaceful_grave, layout_rooms,
          shapermc_ecumenical_altar_totnotflames, minmay_misc_feat_x
D:2:      minmay_recursive_quarters, layout_basic
D:3:      layout_rooms, mainiacjoe_overflow_alcove_1, serial_glass,
          glass_columns_a, glass_columns_a, gup_sewer_entry_glass, serial_shops,
          shop
D:4:      layout_basic, minmay_temple_entry_gardened_gates, uniq_ijyb
D:5:      layout_rooms, uniq_prince_ribbit1

Skill      XL: |  1  2  3  4  5  6  7 |
---------------+----------------------+-----
Spellcasting   | 1 2 3 |  3.2
Throwing       | 1 2 |  2.8
Dodging        | 5 |  5.8
Short Blades   | 1 2 |  2.3
Invocations    | 1 |  1.6
Fighting       | 3 |  3.4
Stealth        | 1 3 |  3.3
Summonings     | 1 |  1.1
Unarmed Combat | |  2.9
Evocations     | |  0.3
Shapeshifting  | |  0.4

Action                     |  1- 3 |  4- 6 |  7- 9 || total
---------------------------+-------+-------+-------++-------
  Melee: Unarmed           |    80 |       |       ||    80
         Dagger            |    82 |   411 |    36 ||   529
  Throw: Boomerang         |    67 |    67 |       ||   134
         Throwing net      |       |     2 |       ||     2
  Evoke: Wand              |       |     6 |    12 ||    18
    Use: Scroll            |     2 |     1 |     2 ||     5
         Potion            |     1 |     1 |       ||     2
   Stab: Paralysed         |       |     8 |     2 ||    10
         Held in net/web   |       |     2 |       ||     2
 Armour: Robe              |    49 |   128 |     9 ||   186
  Dodge: Dodged            |   181 |   320 |    32 ||   533
  Block: Buckler           |       |    12 |     2 ||    14
